 Dungeon Crawl Stone Soup version 0.29-a0-298-g3c90f9a769 (webtiles) character file.

Game seed: 4784317099732981262

225035 Leszczynek the Executioner (level 19, -2/159 HPs)
             Began as a Human Gladiator on Mar 22, 2022.
             Was a High Priest of Okawaru.
             Shot with an arrow by a deep elf master archer (34 damage)
             ... on level 3 of the Elven Halls on Mar 23, 2022.
             The game lasted 02:22:08 (18568 turns).

Leszczynek the Executioner (Human Gladiator)       Turns: 18568, Time: 02:22:09

Health: -2/159     AC: 27    Str: 27    XL:     19   Next: 56%
Magic:  24/28      EV: 20    Int:  5    God:    Okawaru [*****.]
Gold:   1088       SH:  0    Dex: 17    Spells: 18/18 levels left

rFire   . . .      SeeInvis .   a - +4 executioner's axe (drain) {god gift}
rCold   + . .      Faith    .   (shield currently unavailable)
rNeg    . . .      Spirit   .   j - +4 plate armour {Will+}
rPois   +          Reflect  .   Z - +1 hat of Compassion {Str+4}
rElec   .          Harm     .   N - +0 cloak of Shielding {rPois rCorr Str+3 Slay+3}
rCorr   +          Rampage  .   r - +0 pair of gloves
Will    +++..                   f - +1 pair of boots
Stlth   ..........              I - amulet of Suspected Treachery {rC+ Regen+}
HPRegen 1.16/turn               P - +4 ring of evasion
MPRegen 0.21/turn               G - ring of willpower

@: about to teleport, heroic, finesse-ful
A: dopey 2, sturdy frame 1
}: 2/15 runes: decaying, gossamer
a: Renounce Religion, Heroism, Finesse, Duel


You were on level 3 of the Elven Halls.
You worshipped Okawaru.
Okawaru was extremely pleased with you.
You visited 8 branches of the dungeon, and saw 35 of its levels.
You visited the Abyss 1 time.
You also visited: Gauntlet and Volcano.

You collected 3840 gold pieces.
You spent 2752 gold pieces at shops.

Inventory:

Hand Weapons
 a - a +4 executioner's axe of draining (weapon) {god gift}
 z - the +3 great sword of the Common Good {flame, rPois rC+}
   (You found it on level 2 of the Lair of Beasts)

   It burns those it strikes, dealing additional fire damage.
   Big, fiery blades are also staple armaments of hydra-hunters.
   rC:        It protects you from cold.
   rPois:     It protects you from poison.
 C - a +5 broad axe of freezing {god gift}
 R - a +4 executioner's axe of electrocution {god gift}
Missiles
 d - 5 throwing nets
 o - 12 boomerangs
 H - 3 silver javelins {god gift}
 M - 18 javelins (quivered)
 S - 10 atropa-tipped darts {god gift}
Armour
 f - a +1 pair of boots (worn)
 j - a +4 plate armour of willpower (worn)
 k - the +3 warlock's mirror {god gift, reflect}
   (Okawaru gifted it to you on level 1 of the Elven Halls)

   It can block and reflect piercing ranged attacks and magical attacks against
   the wielder's willpower.
 r - a +0 pair of gloves (worn)
 N - the +0 cloak of Shielding (worn) {rPois rCorr Str+3 Slay+3}
   (You found it in a Gauntlet)

   Str:       It affects your strength (+3).
   Slay:      It affects your accuracy & damage with ranged weapons and melee
   (+3).
   rPois:     It protects you from poison.
   rCorr:     It protects you from acid and corrosion.
 T - a +4 plate armour of fire resistance
 Z - the +1 hat of Compassion (worn) {Str+4}
   (You found it in a Gauntlet)

   Str:       It affects your strength (+4).
Jewellery
 g - the ring of Ychudawn {Wiz rElec rN+ Int+3}
   (You found it on level 2 of the Swamp)

   [ring of wizardry]

   It improves your spell success rate.
   Int:       It affects your intelligence (+3).
   rElec:     It insulates you from electricity.
   rN:        It protects you from negative energy.
 E - a ring of protection from fire
 G - a ring of willpower (right hand)
 I - the amulet of Suspected Treachery (around neck) {rC+ Regen+}
   (You took it off a deep elf master archer on level 3 of the Elven Halls)

   [amulet of regeneration]

   rC:        It protects you from cold.
   Regen:     It increases your rate of health regeneration.
 L - a ring of see invisible
 P - a +4 ring of evasion (left hand)
Wands
 e - a wand of paralysis (2)
 t - a wand of iceblast (39)
 u - a wand of digging (5)
 Q - a wand of polymorph (9)
 X - a wand of acid (5)
Scrolls
 b - 3 scrolls of magic mapping
 i - 11 scrolls of fog
 m - 2 scrolls of torment {!r}
 p - 2 scrolls of blinking
 s - a scroll of brand weapon
 w - a scroll of enchant weapon
 y - a scroll of vulnerability {!r}
 D - 12 scrolls of teleportation
 F - 3 scrolls of fear
 J - 2 scrolls of immolation {unknown}
Potions
 l - 3 potions of haste
 n - 3 potions of curing {@q1}
 q - 3 potions of invisibility
 v - 3 potions of mutation {!q}
 x - a potion of ambrosia
 A - 5 potions of attraction
 B - 3 potions of cancellation
 K - 2 potions of flight
 O - 3 potions of lignification {!q}
 U - 5 potions of might
 W - a potion of brilliance {unknown}
 Y - 2 potions of magic
Miscellaneous
 c - a condenser vane
 h - a phantom mirror


   Skills:
 + Level 16.9(21.9) Fighting
 + Level 21.3(26.3) Axes
 - Level 8.1(13.1) Throwing
 - Level 10.0(15.0) Armour
 - Level 10.0(15.0) Dodging
 - Level 6.0(11.0) Shields
 + Level 12.4 Invocations
 - Level 3.0 Evocations


You had 18 spell levels left.
You didn't know any spells.
Your spell library contained the following spells:

 Spells                   Type           Power      Damage    Failure   Level
 Apportation              Tloc           0%         N/A       93%         1
 Magic Dart               Conj           0%         1d3       93%         1
 Shock                    Conj/Air       0%         1d3       93%         1
 Corpse Rot               Necr/Air       0%         N/A       98%         2
 Ensorcelled Hibernation  Hex/Ice        0%         N/A       98%         2
 Passwall                 Tmut/Erth      0%         N/A       98%         2
 Scorch                   Fire           0%         2d5       98%         2
 Searing Ray              Conj           0%         2d4       98%         2
 Confusing Touch          Hex            0%         N/A       100%        3
 Frozen Ramparts          Ice            0%         1d2       100%        3
 Gell's Gravitas          Tloc           0%         N/A       100%        3
 Ozocubu's Armour         Ice            0%         N/A       100%        3
 Spider Form              Tmut/Pois      0%         N/A       100%        3
 Swiftness                Air            0%         N/A       100%        3
 Anguish                  Hex/Necr       0%         N/A       100%        4
 Flame Wave               Conj/Fire      0%         2d4       100%        4
 Fulminant Prism          Conj/Hex       0%         3d6       100%        4
 Ice Form                 Ice/Tmut       0%         N/A       100%        4
 Leda's Liquefaction      Hex/Erth       0%         N/A       100%        4
 Petrify                  Tmut/Erth      0%         N/A       100%        4
 Alistair's Intoxication  Tmut/Pois      0%         N/A       100%        5
 Irradiate                Conj/Tmut      0%         3d13      100%        5
 Yara's Violent Unravell  Hex/Tmut       0%         3d3       100%        5
 Dispersal                Tloc           0%         N/A       100%        6
 Eringya's Noxious Bog    Tmut/Pois      0%         N/A       100%        6
 Iron Shot                Conj/Erth      0%         9d1       100%        6
 Enfeeble                 Hex            0%         N/A       100%        7
 Orb of Destruction       Conj           0%         9d5       100%        7
 Ozocubu's Refrigeration  Ice            0%         4d5       100%        7
 Disjunction              Tloc           0%         N/A       100%        8
 Fire Storm               Conj/Fire      0%         5d1       100%        9
 Animate Skeleton         Necr           Unusable   N/A       N/A         1
 Summon Small Mammal      Summ           Unusable   N/A       N/A         1
 Summon Guardian Golem    Hex/Summ       Unusable   N/A       N/A         3
 Summon Ice Beast         Ice/Summ       Unusable   N/A       N/A         4
 Summon Forest            Summ/Tloc      Unusable   N/A       N/A         5
 Summon Cactus Giant      Summ           Unusable   N/A       N/A         6
 Spellforged Servitor     Conj/Summ      Unusable   N/A       N/A         7
 Summon Hydra             Summ           Unusable   N/A       N/A         7

Dungeon Overview and Level Annotations

Branches:
Dungeon (14/15)            Temple (1/1) D:6            Lair (6/6) D:11
  Swamp (4/4) Lair:3       Spider (4/4) Lair:2        Slime (0/5) Lair:5
    Orc (2/2) D:9             Elf (3/3) Orc:2        Vaults (1/5) D:14
Volcano (visited)         Gauntlet (visited)

Altars:
Ashenzari
Dithmenos
Elyvilon
Fedhas
Gozag
Hepliaklqana
Kikubaaqudgha
Makhleb
Nemelex Xobeh
Okawaru
Ru
Sif Muna
Trog
Uskayaw
Vehumet
Wu Jian
Xom
Yredelemnul
Zin
The Shining One
Beogh

Shops:
D:6 =   D:9 [   Orc:2 =:(?   Elf:3 *

Annotations:
D:4 Pikel
D:5 Sigmund
D:7 1 runed translucent door, mrw0lf's ghost, novice GnTm
D:9 Erica
D:10 2 transporters, qborf's ghost, novice SpAK
Lair:5 oklob west, slime near?, exclusion: 2 oklob plants
Spider:2 Louise
Orc:2 exclusion: upstairs
Elf:2 3 runed translucent doors


Innate Abilities, Weirdness & Mutations

You are very dopey. (Int -4)
Your movements are slightly less encumbered by armour. (ER -2)


Message History

* * * LOW HITPOINT WARNING * * *
The deep elf master archer shoots an arrow.
The arrow hits you.
* * * LOW HITPOINT WARNING * * *
Unknown command.
Unknown command.
You feel much better.
The deep elf master archer shoots an arrow.
The arrow misses you.
The deep elf master archer shoots an arrow.
The arrow misses you.
You closely miss the deep elf master archer.
The deep elf master archer shoots an arrow.
The arrow hits you!
* * * LOW HITPOINT WARNING * * *
Unknown command.
Unknown command.
You miss the deep elf master archer.
The deep elf master archer shoots an arrow.
The arrow hits you!!
* * * LOW HITPOINT WARNING * * *
Unknown command.
Unknown command.
You slash the deep elf master archer!
The deep elf master archer is lightly wounded.
The deep elf master archer shoots an arrow.
The arrow hits you.
* * * LOW HITPOINT WARNING * * *
Unknown command.
Unknown command.
Unknown command.
Blink to where?
Press: ? - help, Dir - move target
Okay, then.
You feel much better.
The deep elf master archer shoots an arrow.
The arrow misses you.
The deep elf master archer shoots an arrow.
The arrow hits you!!
You die...

##.......# #..........##
##.).....###............#
#.......##.'..⌠..........
##..)...##|.# .......)....
#.......#.).#########.....
##.......#.))##...|.|##....
#.....)..#.)###[##)|).##..)
#........#e##|..[##....##..
#......⌠.#@#(.....####'##..
#....)...#.'....).###...#..
......#...###..))..'[#......
.##....##'####).}.).#.#.⌠....
#.... #..?.##.|..##.#......
## #.... ##")}.##)### #...)(.
.. ##.. ##|.)[))# #...... #.
######## #...... #......


You could see a deep elf master archer.

Vanquished Creatures
  the Lernaean hydra (Swamp:4)
  Mlioglotl (Swamp:3)
  A tentacled monstrosity (Swamp:3)
  Rupert (Arena)
  2 deep elf blademasters (Elf:3)
  Jorgrun (D:12)
  An Executioner (Abyss:2)
  A deep elf master archer (Elf:3)
  A sphinx (Vaults:1)
  A thorn hunter (Swamp:1)
  3 deep elf sorcerers (Elf:3)
  4 ghost moths
  6 emperor scorpions (Spider:4)
  An orc warlord (Orc:1)
  2 deep elf elementalists (Elf:3)
  A quicksilver ooze (Gauntlet)
  2 ironbound preservers (Vaults:1)
  3 eleionomae
  7 deep elf demonologists (Elf:3)
  Azrael (Elf:2)
  5 deep elf annihilators (Elf:3)
  3 bunyips
  A minotaur (Gauntlet)
  6 deep elf death magi
  A fire dragon (Volcano)
  2 ettins
  A great orb of eyes (Vaults:1)
  The ghost of Tousas the Cleaver, a journeyman DDFi of Makhleb (Lair:3)
  A yaktaur captain (Vaults:1)
  A shambling mangrove (Swamp:3)
  Harold (D:9)
  A jorogumo (Spider:4)
  A boulder beetle (Spider:1)
  A merfolk avatar (Lair:6)
  A catoblepas (Lair:5)
  A radroach (Spider:1)
  A ghost crab (Swamp:4)
  20 hydras
  2 ironbound frosthearts (Vaults:1)
  10 centaur warriors
  2 ogre magi
  12 alligators
  7 two-headed ogres
  8 dancing weapons
  2 orc high priests
  A spectral catoblepas (Lair:3)
  3 deep elf knights
  A spriggan druid (Swamp:4)
  2 pharaoh ants
  Nergalle (Orc:2)
  5 goliath frogs
  10 swamp dragons
  6 steelbarb worms
  4 orb spiders
  A bog body (Swamp:2)
  3 deep trolls (Vaults:1)
  5 deep elf archers (Elf:3)
  4 wizards
  2 ironbound convokers (Vaults:1)
  An orc knight (D:11)
  7 lindwurms
  An orange crystal statue (Elf:3)
  21 deep elf zephyrmancers
  A shining eye (Abyss:2)
  16 deep elf pyromancers
  15 wolf spiders
  4 cyclopes
  9 orc sorcerers
  5 manticores
  4 ugly things
  A moth of wrath (Spider:1)
  Maurice (D:9)
  2 vault sentinels (Vaults:1)
  4 elephants (Lair:6)
  A smoke demon (Volcano)
  2 black mambas
  4 molten gargoyles (D:14)
  10 cane toads
  2 torpor snails
  2 kobold demonologists
  3 demonic crawlers
  An unseen horror (D:10)
  4 rime drakes
  A yaktaur (Vaults:1)
  A freezing wraith (D:14)
  A burning bush (Lair:4)
  8 komodo dragons
  An ice devil (Abyss:2)
  2 polar bears (Lair:5)
  5 large abominations (Abyss:2)
  6 meliai
  5 trolls
  6 tyrant leeches
  11 hornets
  5 tarantellas
  13 blink frogs
  20 slime creatures
  4 dream sheep (Lair:5)
  14 jumping spiders
  A snapping turtle (Lair:6)
  10 spriggans
  11 flying skulls (Gauntlet)
  2 air elementals (Elf:3)
  41 yaks
  11 culicivoras
  4 wyverns
  2 water elementals (Elf:1)
  A shadow (D:11)
  2 vampires (D:10)
  A ynoxinul (Abyss:2)
  5 wraiths
  2 basilisks
  7 fire elementals
  10 steam dragons
  21 redbacks
  A vampire mosquito (D:6)
  Grum (D:11)
  A death yak simulacrum (Lair:3)
  9 wargs
  3 acid dragons
  7 swamp worms
  5 hell hounds
  11 water moccasins
  A black bear (Lair:2)
  7 swamp drakes
  4 ice beasts
  3 sky beasts
  26 orc warriors
  13 wolves
  7 ogres
  2 centaurs
  3 small abominations (Abyss:2)
  A kobold brigand (D:9)
  8 bullfrogs
  A necrophage (D:5)
  11 scorpions
  5 gnoll sergeants
  A cane toad simulacrum (Lair:3)
  3 wights (D:9)
  A dream sheep simulacrum (Lair:3)
  6 killer bees
  2 lava snakes
  5 howler monkeys
  A torpor snail simulacrum (Lair:3)
  A quasit (Abyss:2)
  A wyvern simulacrum (D:9)
  3 hounds
  2 komodo dragon simulacra (Lair:3)
  13 orc priests
  A gnoll shaman (D:10)
  An iguana (D:6)
  53 orc wizards
  23 gnolls
  7 adders
  2 white imps
  4 worms
  A dart slug (D:3)
  85 orcs
  6 ball pythons
  9 bats
  2 endoplasms
  6 goblins
  3 hobgoblins
  3 jackals (D:2)
  A quokka (D:2)
  7 kobolds
  4 rats
923 creatures vanquished.

Vanquished Creatures (others)
  A radroach (Spider:1)
  A wolf spider (Spider:1)
  A bloated husk (Swamp:3)
  A swamp drake (Swamp:4)
  2 orc wizards (Orc:2)
  2 orcs (D:8)
  18 fungi
  16 plants
  2 toadstools (Swamp:1)
  17 withered plants (Gauntlet)
61 creatures vanquished.

Grand Total: 984 creatures vanquished

Notes
Turn   | Place    | Note
-------+----------+-------------------------------------------
     0 | D:1      | Leszczynek the Human Gladiator began the quest for the Orb.
     0 | D:1      | Reached XP level 1. HP: 16/16 MP: 1/1
    80 | D:1      | Found a faded altar of an unknown god.
    93 | D:1      | Prayed at the altar of an unknown god.
    93 | D:1      | Became a worshipper of Warmaster Okawaru
    93 | D:1      | Reached * piety under Okawaru
   198 | D:1      | Reached XP level 2. HP: 22/22 MP: 2/2
   372 | D:3      | Reached skill level 4 in Axes
   372 | D:3      | Reached XP level 3. HP: 25/27 MP: 3/3
   661 | D:3      | Reached XP level 4. HP: 30/33 MP: 4/4
   693 | D:4      | Noticed a scorpion
   707 | D:4      | Killed a scorpion
   708 | D:4      | Reached skill level 5 in Axes
   708 | D:4      | Reached XP level 5. HP: 35/38 MP: 3/5
   769 | D:4      | Noticed a lemure
   769 | D:4      | Noticed a lemure
   769 | D:4      | Noticed a lemure
   770 | D:4      | Noticed Pikel
  1031 | D:3      | Reached skill level 6 in Axes
  1280 | D:5      | Entered Level 5 of the Dungeon
  1295 | D:5      | Reached ** piety under Okawaru
  1296 | D:5      | Reached XP level 6. HP: 39/46 MP: 6/6
  1297 | D:5      | Noticed a sky beast
  1386 | D:5      | Reached skill level 3 in Fighting
  1419 | D:5      | Reached skill level 4 in Fighting
  1430 | D:5      | Reached XP level 7. HP: 33/54 MP: 4/7
  1441 | D:5      | HP: 10/54 [poisoned by a scorpion]
  1691 | D:5      | Reached skill level 7 in Axes
  1785 | D:6      | Found a staircase to the Ecumenical Temple.
  1810 | D:6      | Found Pias Quz's Jewellery Emporium.
  1826 | D:5      | Reached XP level 8. HP: 39/60 MP: 6/8
  1867 | D:6      | Reached skill level 8 in Axes
  1940 | D:5      | Reached *** piety under Okawaru
  1941 | D:5      | Noticed Sigmund
  2058 | D:6      | Reached skill level 1 in Invocations
  2081 | Temple   | Entered the Ecumenical Temple
  2376 | D:6      | Reached skill level 2 in Invocations
  2430 | D:6      | Reached skill level 9 in Axes
  2508 | D:6      | Gained mutation: You are dopey. (Int -2) [potion of
                  | mutation]
  2508 | D:6      | Gained mutation: You are very dopey. (Int -4) [potion of
                  | mutation]
  2508 | D:6      | Gained mutation: Your movements are slightly less
                  | encumbered by armour. (ER -2) [potion of mutation]
  2511 | D:6      | Noticed a hornet
  2515 | D:6      | Noticed a troll
  2709 | D:6      | Reached skill level 5 in Fighting
  2716 | D:6      | Reached **** piety under Okawaru
  2836 | D:6      | Reached XP level 9. HP: 56/68 MP: 11/11
  2849 | D:6      | Reached skill level 3 in Invocations
  2854 | D:6      | HP: 13/68 [poisoned by a water moccasin]
  2895 | D:6      | HP: 13/68 [poisoned by an adder]
  3108 | D:6      | Killed a hornet
  3109 | D:6      | Reached skill level 10 in Axes
  3171 | D:6      | Killed a troll
  3172 | D:6      | Reached skill level 6 in Fighting
  3172 | D:6      | Reached skill level 4 in Invocations
  3238 | D:6      | HP: 12/69 [vampire mosquito (2)]
  3533 | D:7      | Found a runed translucent door.
  3535 | D:7      | Noticed mrw0lf's ghost (novice GnTm)
  3598 | D:7      | Reached skill level 7 in Fighting
  3598 | D:7      | Reached skill level 5 in Invocations
  3752 | D:6      | Bought an amulet of regeneration for 360 gold pieces
  3873 | D:7      | Reached XP level 10. HP: 57/79 MP: 10/14
  3913 | D:8      | Noticed a two-headed ogre
  4068 | D:8      | Reached skill level 6 in Invocations
  4072 | D:8      | Reached skill level 11 in Axes
  4080 | D:8      | Killed a two-headed ogre
  4080 | D:8      | Reached ***** piety under Okawaru
  4104 | D:8      | Reached skill level 8 in Fighting
  4220 | D:9      | Noticed Maurice
  4220 | D:9      | Noticed Erica
  4318 | D:9      | Noticed Harold
  4392 | D:9      | Noticed a two-headed ogre
  4403 | D:9      | Killed a two-headed ogre
  4404 | D:9      | Reached skill level 1 in Armour
  4404 | D:9      | Reached skill level 7 in Invocations
  4510 | D:10     | Entered Level 10 of the Dungeon
  4603 | D:10     | Reached skill level 2 in Armour
  4648 | D:10     | Identified the +1 chain mail of Calculation {Str+2}
  4650 | D:10     | Noticed a two-headed ogre
  4661 | D:10     | Killed a two-headed ogre
  4661 | D:10     | Identified the +3 broad axe "Hailug" {god gift, vorpal,
                  | rElec rC- Dex+6 Stlth+} (Okawaru gifted it to you on level
                  | 10 of the Dungeon)
  4661 | D:10     | Received a gift from Okawaru
  4662 | D:10     | Reached skill level 12 in Axes
  4662 | D:10     | Reached XP level 11. HP: 33/86 MP: 14/16
  4731 | D:10     | Reached skill level 3 in Armour
  4760 | D:10     | Noticed a two-headed ogre
  4790 | D:10     | Killed a two-headed ogre
  4791 | D:10     | Reached skill level 8 in Invocations
  4823 | D:10     | Found a transporter.
  4830 | D:10     | Found a transporter.
  4837 | D:10     | Found a bloodstained altar of Trog.
  4855 | D:10     | Noticed a deep troll
  4872 | D:10     | Noticed a moth of wrath
  4872 | D:10     | Noticed qborf's ghost (novice SpAK)
  4928 | D:9      | Reached skill level 4 in Armour
  5012 | D:9      | Killed Harold
  5013 | D:9      | Reached skill level 13 in Axes
  5176 | D:10     | HP: 15/87 [something (4)]
  5294 | D:11     | Reached ****** piety under Okawaru
  5321 | D:11     | Noticed a manticore
  5331 | D:11     | Killed a manticore
  5331 | D:11     | Identified the +1 robe of Defiance {god gift, rElec Will+
                  | MP+9} (Okawaru gifted it to you on level 11 of the Dungeon)
  5331 | D:11     | Received a gift from Okawaru
  5332 | D:11     | Reached XP level 12. HP: 94/94 MP: 16/18
  5347 | D:11     | HP: 18/94 [red ugly thing (10)]
  5348 | D:11     | HP: 6/94 [red ugly thing (6)]
  5351 | D:11     | Reached skill level 5 in Armour
  5702 | D:12     | Noticed Jorgrun
  5712 | D:12     | Killed Jorgrun
  5713 | D:12     | Reached skill level 9 in Fighting
  5713 | D:12     | Reached skill level 9 in Invocations
  5859 | D:11     | Reached skill level 14 in Axes
  5859 | D:11     | Reached skill level 4 in Dodging
  5986 | D:11     | Noticed Grum
  5992 | D:11     | Killed Grum
  6249 | D:11     | Found a staircase to the Lair.
  6359 | D:11     | Received a gift from Okawaru
  6360 | D:11     | Reached skill level 10 in Fighting
  6535 | D:9      | Identified the +4 chain mail of the Nexus {+Blink Dex+4}
  6565 | D:9      | Reached skill level 5 in Dodging
  6602 | D:9      | Found a staircase to the Orcish Mines.
  6602 | D:9      | Found Leogiyx's Armour Emporium.
  6617 | D:9      | Killed Maurice
  6618 | D:9      | Reached skill level 10 in Invocations
  6618 | D:9      | Reached XP level 13. HP: 103/103 MP: 20/20
  6669 | Orc:1    | Entered Level 1 of the Orcish Mines
  6758 | Orc:1    | Noticed an orc warlord
  6923 | Orc:1    | Killed an orc warlord
  7062 | Orc:2    | Entered Level 2 of the Orcish Mines
  7140 | Orc:2    | Identified the +1 ring mail "Inlotene" {god gift, +Inv
                  | rCorr Str+6} (Okawaru gifted it to you on level 2 of the
                  | Orcish Mines)
  7140 | Orc:2    | Received a gift from Okawaru
  7241 | Orc:2    | Reached skill level 11 in Fighting
  7243 | Orc:2    | Reached skill level 6 in Dodging
  7255 | Orc:2    | Noticed an ettin
  7264 | Orc:2    | Killed an ettin
  7265 | Orc:2    | Reached skill level 6 in Armour
  7442 | Orc:1    | Noticed an orc warlord
  7596 | Orc:2    | Found a staircase to the Elven Halls.
  7698 | Orc:2    | Paralysed by an orc sorcerer for 4 turns
  7710 | Orc:2    | Reached skill level 15 in Axes
  7718 | Orc:2    | Found Xofruux's Magic Scroll Shop.
  7747 | Orc:2    | Found a radiant altar of Vehumet.
  7747 | Orc:2    | Noticed an ogre mage
  7764 | Orc:2    | Killed an ogre mage
  7781 | Orc:2    | Noticed Nergalle
  7800 | Orc:2    | Killed Nergalle
  7832 | Orc:2    | Found an ancient bone altar of Kikubaaqudgha.
  7896 | Orc:2    | Found Oloirph's Book Shop.
  7903 | Orc:2    | Found Gocvillo's Jewellery Shop.
  7915 | Orc:2    | Found Qabavir's Antique Weapon Boutique.
  7935 | Orc:2    | Bought a +4 ring of evasion for 648 gold pieces
  7977 | Orc:2    | Bought a scroll of teleportation for 45 gold pieces
  7977 | Orc:2    | Bought a scroll of teleportation for 45 gold pieces
  7977 | Orc:2    | Bought a scroll of identify for 30 gold pieces
  7977 | Orc:2    | Bought a scroll of blinking for 112 gold pieces
  7977 | Orc:2    | Bought a scroll of identify for 30 gold pieces
  8197 | Lair:1   | Entered Level 1 of the Lair of Beasts
  8208 | Lair:1   | Reached skill level 7 in Armour
  8265 | Lair:2   | Noticed a four-headed hydra
  8556 | Lair:1   | Reached XP level 14. HP: 114/114 MP: 21/21
  8687 | Lair:2   | Found a hole to the Spider Nest.
  8758 | Lair:2   | Received a gift from Okawaru
  8767 | Lair:2   | Reached skill level 12 in Fighting
  8794 | Lair:2   | Found a dark tunnel.
  8801 | Volcano  | Entered a volcano
  8836 | Volcano  | Reached skill level 16 in Axes
  8981 | Volcano  | Reached skill level 8 in Armour
  9221 | Lair:4   | Identified the +5 chain mail of Jeppaky {god gift, +Blink
                  | rPois Int-4 Dex-4} (Okawaru gifted it to you on level 4 of
                  | the Lair of Beasts)
  9221 | Lair:4   | Received a gift from Okawaru
  9250 | Lair:5   | Identified the +0 leather armour "Unodgh" {rElec rF- Str+8}
  9570 | Lair:5   | Reached skill level 7 in Dodging
  9784 | Lair:5   | Reached skill level 17 in Axes
  9803 | Lair:6   | Entered Level 6 of the Lair of Beasts
  9888 | Lair:6   | Found the +12 pair of quick blades "Gyre" and "Gimble"
                  | {protect}
  9902 | Lair:6   | Reached XP level 15. HP: 122/122 MP: 16/22
  9924 | Lair:6   | Reached skill level 13 in Fighting
  9948 | Lair:6   | Identified the +6 bardiche of Enaacajuq {vorpal, +Blink
                  | Int-4 Stlth+}
 10033 | Lair:5   | Found a staircase to the Slime Pits.
 10320 | Lair:3   | Received a gift from Okawaru
 10333 | Lair:3   | Found a runed translucent gate.
 10333 | Lair:3   | Found a runed translucent gate.
 10333 | Lair:3   | Found a runed translucent gate.
 10335 | Lair:3   | Noticed Tousas's ghost (journeyman DDFi)
 10367 | Lair:3   | Killed Tousas's ghost
 10472 | Lair:2   | Identified the +3 great sword of the Common Good {flame,
                  | rPois rC+}
 10559 | Lair:3   | Reached skill level 8 in Dodging
 10568 | Lair:3   | Identified a scroll of acquirement
 10574 | Lair:3   | Acquired 837 gold pieces
 10576 | Lair:3   | manual of polearms, +6 int ring, staff of fire
 10576 | Lair:3   | what
 10576 | Lair:3   | worst neo-acquirement ever
 10964 | D:6      | Bought a +4 ring of protection for 432 gold pieces
 11185 | Spider:1 | Entered Level 1 of the Spider Nest
 11185 | Spider:1 | Noticed Rupert
 11189 | Arena    | Entered the Arena
 11203 | Arena    | Killed Rupert
 11409 | Spider:1 | Reached skill level 3 in Throwing
 11475 | Spider:1 | Received a gift from Okawaru
 11478 | Spider:1 | Ouch! That really hurt!
 11479 | Spider:1 | did they buff this bullshit?
 11479 | Spider:1 | it fucking HURTS
 11479 | Spider:1 | 62+ hp from 3 tiles away
 11479 | Spider:1 | what the flying fuck
 11528 | Spider:1 | Reached skill level 4 in Throwing
 11535 | Spider:1 | Identified the +4 hand axe of Yxiag {flame, rCorr}
 11553 | Spider:1 | Reached skill level 5 in Throwing
 11598 | Spider:2 | Noticed Louise
 11598 | Spider:2 | Noticed an emperor scorpion
 11599 | Spider:2 | oh god
 11599 | Spider:2 | 51% banishment
 11601 | Spider:1 | i either try to avoid her
 11601 | Spider:1 | or i go and buy that will+ plate
 11785 | Spider:3 | Reached skill level 6 in Throwing
 11791 | Spider:3 | Noticed a ghost moth
 11795 | Spider:3 | HP: 20/124 [ghost moth (6)]
 11797 | Spider:3 | Killed a ghost moth
 11871 | Spider:3 | Reached skill level 7 in Throwing
 11904 | Spider:3 | Reached skill level 18 in Axes
 11940 | Spider:4 | Entered Level 4 of the Spider Nest
 12024 | Spider:4 | Reached XP level 16. HP: 119/131 MP: 23/23
 12082 | Spider:4 | Noticed an emperor scorpion
 12095 | Spider:4 | Noticed an emperor scorpion
 12106 | Spider:4 | Noticed an emperor scorpion
 12108 | Spider:4 | Killed an emperor scorpion
 12116 | Spider:4 | Killed an emperor scorpion
 12131 | Spider:4 | Killed an emperor scorpion
 12164 | Spider:4 | Received a gift from Okawaru
 12215 | Spider:4 | Noticed an emperor scorpion
 12223 | Spider:4 | Killed an emperor scorpion
 12278 | Spider:4 | Noticed an emperor scorpion
 12293 | Spider:4 | Killed an emperor scorpion
 12335 | Spider:4 | Reached skill level 8 in Throwing
 12426 | Spider:4 | Noticed an emperor scorpion
 12437 | Spider:4 | Killed an emperor scorpion
 12487 | Spider:4 | Got a gossamer rune of Zot
 12753 | Lair:2   | Reached skill level 14 in Fighting
 13034 | Lair:3   | Found a staircase to the Swamp.
 13040 | Swamp:1  | Entered Level 1 of the Swamp
 13052 | Swamp:1  | Reached skill level 11 in Invocations
 13061 | Swamp:1  | Noticed a thorn hunter
 13069 | Swamp:1  | Killed a thorn hunter
 13069 | Swamp:1  | Received a gift from Okawaru
 13074 | Swamp:1  | Received a gift from Okawaru
 13094 | Swamp:1  | Reached skill level 19 in Axes
 13122 | Swamp:1  | Identified the +7 battleaxe "Inum" {god gift, venom, Dex+3}
                  | (Okawaru gifted it to you on level 1 of the Swamp)
 13122 | Swamp:1  | Received a gift from Okawaru
 13366 | Swamp:4  | Entered Level 4 of the Swamp
 13503 | Swamp:3  | Reached XP level 17. HP: 133/140 MP: 25/25
 13522 | Swamp:3  | Noticed Mlioglotl
 13540 | Swamp:3  | Killed Mlioglotl
 13550 | Swamp:3  | Received a gift from Okawaru
 13774 | Swamp:2  | Identified the ring of Ychudawn {Wiz rElec rN+ Int+3}
 13829 | Swamp:3  | Noticed a tentacled monstrosity
 13842 | Swamp:3  | Killed a tentacled monstrosity
 13842 | Swamp:3  | Identified the +1 hand axe of Law {god gift, freeze, Int+4}
                  | (Okawaru gifted it to you on level 3 of the Swamp)
 13842 | Swamp:3  | Received a gift from Okawaru
 13843 | Swamp:3  | Reached skill level 12 in Invocations
 14087 | Swamp:4  | HP: 25/140 [four-headed hydra[a spriggan druid] (12)]
 14154 | Swamp:4  | HP: 27/140 [swamp worm[a spriggan druid] (8)]
 14319 | Swamp:4  | Identified the +0 buckler of Apathy {rElec Stlth+}
 14374 | Swamp:4  | Reached skill level 20 in Axes
 14393 | Swamp:4  | Received a gift from Okawaru
 14394 | Swamp:4  | Reached skill level 15 in Fighting
 14400 | Swamp:4  | Noticed the 27-headed Lernaean hydra
 14419 | Swamp:4  | Killed the 27-headed Lernaean hydra
 14573 | Swamp:4  | Got a decaying rune of Zot
 14876 | D:9      | Bought a +4 plate armour of willpower for 800 gold pieces
 15089 | D:14     | Received a gift from Okawaru
 15113 | D:14     | Found a hide-covered altar of Uskayaw.
 15248 | D:14     | Reached skill level 1 in Evocations
 15330 | D:14     | Received a gift from Okawaru
 15354 | D:14     | Found a gate leading to a gauntlet.
 15382 | Gauntlet | Entered a Gauntlet
 15382 | Gauntlet | Found a transporter.
 15382 | Gauntlet | Found a transporter.
 15384 | Gauntlet | Found a transporter.
 15388 | Gauntlet | Found the +3 pair of seven-league boots {Rampage+∞}
 15399 | Gauntlet | Found a transporter.
 15407 | Gauntlet | Found a transporter.
 15411 | Gauntlet | Found a transporter.
 15412 | Gauntlet | Found a transporter.
 15419 | Gauntlet | Found a transporter.
 15419 | Gauntlet | Found a transporter.
 15435 | Gauntlet | Found a transporter.
 15435 | Gauntlet | Found a transporter.
 15437 | Gauntlet | Found a transporter.
 15545 | Gauntlet | Reached skill level 2 in Evocations
 15571 | Gauntlet | Identified the +0 cloak of Shielding {rPois rCorr Str+3
                  | Slay+3}
 15572 | Gauntlet | okay, this is nice
 15599 | Gauntlet | Reached XP level 18. HP: 149/149 MP: 27/27
 15603 | Gauntlet | Identified the +1 hat of Compassion {Str+4}
 15631 | Gauntlet | Identified the +6 bardiche "Uxzimux" {vorpal, rC- Str+10
                  | Int+4}
 15632 | Gauntlet | funny bardiche you got there m8
 15653 | Gauntlet | Identified the +1 hat "Vali" {rCorr Int+4 Dex+3}
 15653 | Gauntlet | Identified the +7 arbalest of Doom {elec, Dex+4}
 15658 | Gauntlet | Got the Papyrus of Clay
 15721 | D:14     | Found a gate to the Vaults.
 15739 | D:14     | Reached skill level 3 in Evocations
 15761 | Vaults:1 | Entered Level 1 of the Vaults
 16528 | Vaults:1 | Reached skill level 21 in Axes
 16662 | Vaults:1 | Reached skill level 16 in Fighting
 17007 | Elf:1    | Entered Level 1 of the Elven Halls
 17028 | Elf:1    | Received a gift from Okawaru
 17028 | Elf:1    | Found the +3 warlock's mirror {god gift, reflect}
 17215 | Elf:2    | Found a runed translucent gate.
 17215 | Elf:2    | Found a runed translucent gate.
 17215 | Elf:2    | Found a runed translucent gate.
 17238 | Elf:3    | Entered Level 3 of the Elven Halls
 17263 | Elf:2    | Noticed Azrael
 17271 | Elf:2    | Killed Azrael
 17272 | Elf:2    | Reached skill level 1 in Shields
 17300 | Elf:1    | Reached skill level 9 in Armour
 17306 | Elf:1    | Reached skill level 9 in Dodging
 17333 | Elf:1    | Reached skill level 2 in Shields
 17476 | Elf:2    | Reached skill level 3 in Shields
 17575 | Elf:3    | Reached XP level 19. HP: 109/159 MP: 28/28
 17606 | Elf:3    | Found a shimmering blue altar of Sif Muna.
 17621 | Elf:3    | Paralysed by an air elemental for 1 turns
 17713 | Elf:3    | Reached skill level 4 in Shields
 17728 | Elf:3    | Found Honesm's Assorted Antiques.
 17739 | Elf:3    | Bought a potion of might for 88 gold pieces
 17739 | Elf:3    | Bought a smoky pink potion for 19 gold pieces
 17739 | Elf:3    | Bought a scroll labelled ERAUN LENT for 22 gold pieces
 17739 | Elf:3    | Bought a scroll of identify for 44 gold pieces
 17739 | Elf:3    | Bought a scroll of magic mapping for 77 gold pieces
 17961 | Elf:3    | Noticed a deep elf blademaster
 17978 | Elf:3    | Killed a deep elf blademaster
 18003 | Elf:3    | Identified the amulet of Suspected Treachery {rC+ Regen+}
 18022 | Elf:3    | Reached skill level 5 in Shields
 18027 | Elf:3    | Identified the +2 pair of boots "Geimos" {god gift, rF-
                  | Regen+ Int+5} (Okawaru gifted it to you on level 3 of the
                  | Elven Halls)
 18027 | Elf:3    | Received a gift from Okawaru
 18090 | Elf:3    | Noticed a deep elf blademaster
 18105 | Elf:3    | Killed a deep elf blademaster
 18125 | Elf:3    | Paralysed by an air elemental for 1 turns
 18191 | Elf:3    | Identified the ring "Karumace" {rF- rN+ Int+3 Slay+2}
 18219 | Elf:3    | Got the Grimoire of the Birds and the Traveller
 18224 | Elf:3    | Got the Incunabulum of Warped Shape Shifting
 18245 | Elf:3    | Reached skill level 6 in Shields
 18248 | Elf:3    | Got the Papyrus of Malediction and Confrontation
 18274 | Elf:3    | Cast into level 2 of the Abyss (a deep elf demonologist)
 18280 | Abyss:2  | Found a corrupted altar of Lugonu.
 18311 | Abyss:2  | this is what it's like to take off MR in elf
 18424 | Abyss:2  | Found a corrupted altar of Lugonu.
 18482 | Elf:3    | Escaped the Abyss
 18485 | Elf:3    | Noticed a Tzitzimitl
 18490 | Elf:3    | Reached skill level 10 in Armour
 18490 | Elf:3    | Reached skill level 10 in Dodging
 18539 | Elf:3    | Identified the +6 long sword "Hixkaiqi" {drain, rC+ Int-2
                  | Dex+7}
 18562 | Elf:3    | HP: 28/159 [deep elf master archer/arrow (27)]
 18563 | Elf:3    | HP: 11/159 [deep elf master archer/arrow (18)]
 18567 | Elf:3    | HP: 4/159 [deep elf master archer/arrow (5)]
 18568 | Elf:3    | Shot with an arrow by a deep elf master archer

Illustrated notes ... #+. ... #.# #.# #.## ..##### #..# #.....### ###.### ..P#P.#.# #.P..P### .<......#####.......# ........#.##.......## ..........###†..@...# .......#....#.......?... .......#.#...........#.. ........###.#......##.## ........# ####.##.## ## .......## ### ## ##P##### ## Turn 10576 on Lair:3: manual of polearms, +6 int ring, staff of fire .........#.#..#..#..... .........^.............. .......................# ...^......#.........#... .#.................#.... ...........s....#s...... ...........#..#..$○*○s.. .....^#......^.>○#..... ..#...^....#....@# ..#. .....#........#.## ... .............#.## .# ..............## # ############### Turn 11479 on Spider:1: did they buff this bullshit? .. #..<.. ... .#... ....#.^.^ . . ..#...# #.. [.#...... ..# ....#...# .. . ..@.....#.#.... #...@..^# ......#........ ..... ....#.... .... ..#....#.. .#. #.. ..... . .. ... ....... . .#.# .#....< .^.. #...s.. Turn 11599 on Spider:2: oh god

........................#.....#
..........#.#..#..#............
..........^...............#..#.
..............†.........#.....#
....^......#.........#...#...#
..#...............†.#.......###
.................#.†..........#
............#..#.††...........^
......^#......^.@†#)†.........#
...#...^....#...†)#.).#.....###
^.....#........#.###....#..#.#
..............#.## ###.##.....#
...............## ### ....##
################ ####


Turn 11601 on Spider:1: i either try to avoid her #..#...^#.^#.#...#.........#.
###..#...#..#..#...#.#.....#.#. #8#..#..#..#..######..##.##.)#.
###..#.#..#..#.#...#..##.##..#. #.©##.©#.^#.©#©.©#..#.©.#.©#.
#..#.#..#..#.#...#..##.##.?#. 8#..#..#..#P.######..## #.[#.
###..#...#P.#..#...#.#.. .#.#. #..#...^#.^#@#.8.#J... ....#.
#..###########...### ######. #................... #≈..................
################ #8 #8 8# # # ## ## Turn 15572 on Gauntlet: okay, this is nice
#.#.#"#..##### #.##..#..#≈8≈# .©.#.©#..#...######## #.##.!#..#.8........#
#.#.#.#..#...###.##.## ..^##5#..#.8........8# 5...^.#..#...#.#.....#
#######..#...#.#.##### ........≈#.©.#..@# .......§§#...###.'....H.
........§#.©.# ..#8.8[8[ #######§.#...#.#.####### ......#..#...#.#..
....#.#..#.8...... #.##.)#..#...###.# #.##..#..#.8...... .©.#.©#..#...## Turn
15632 on Gauntlet: funny bardiche you got there m8 ###### #....### ###@...####
#...###...# #.#...##...# ##.#.#..#.## #.##..#...# # #..#.#.#..#.#. #. #.
#..####........ ..###......#.#...# # ## ## # .. . #...#.... .# Turn 18311 on
Abyss:2: this is what it's like to take off MR in elf

Levels and vault maps discovered:
D:1:      matt_arrival_grand_opening, layout_basic,
          shapermc_ecumenical_altar_venn
D:2:      layout_basic
D:3:      layout_loops_cross, uniq_crazy_yiuf_cottage
D:4:      layout_loops_ring, mainiacjoe_overflow_swirl, uniq_pikel,
          uniq_blork_the_orc
D:5:      old_forge, layout_loops_corners, uniq_sigmund
D:6:      layout_rooms, minmay_temple_entry_purple_smoke, serial_shops, shop,
          kb_rosetta
D:7:      layout_basic, ebering_ghost_reflecting_pool
D:8:      layout_rooms
D:9:      layout_roguey, orc_david_3, serial_ice, serial_ice_j, serial_ice_a,
          serial_ice_d, serial_ice_o, uniq_maurice, uniq_harold, uniq_erica
D:10:     layout_cave_pools, gammafunk_ghost_wrathful_warriors,
          kennysheep_potato
D:11:     layout_rooms, erik_lair_dragon, uniq_grum
D:12:     layout_cave_pods, uniq_jorgrun
D:13:     layout_roguey [special_room_bee]
D:14:     cheibrodos_statue_roulette, layout_long_grid, david_vaults_1,
          gauntlet_entry_generic, kennysheep_decorative_pillar,
          nicolae_uskayaw_en_pointe
Temple:   mainiacjoe_temple_cubbyholes
Lair:1:   layout_cave_pods, st_stairs_13, grunt_forest_small_clearings,
          grunt_megastairs_2, lemuel_fruit_tree
Lair:2:   layout_regular_city, nicolae_spider_entry_non_spiders, enter_volcano_4
Lair:3:   layout_roguey, minmay_swamp_entry_worms, gammafunk_ghost_necromancy
Lair:4:   cheibrodos_magma_flow, layout_regular_city, evilmike_ambush
          [evilmike_ambush_outer_basic, evilmike_ambush_inner_pond],
          infiniplex_staircase_pool
Lair:5:   layout_cave_pods, minmay_slime_entry_oklob_open,
          chequers_serial_rivers_room_b
Lair:6:   gammafunk_lair_ancient_temple, layout_cave_pods
Swamp:1:  cheibrodos_swamp_tower_of_moss, layout_basic_swamp,
          hangedman_swamp_lotus
Swamp:2:  layout_basic_swamp, nicolae_swamp_stair_fork, swamp_pool2
Swamp:3:  layout_falls_marsh, hangedman_swamp_ruin_wall, swamp_pool1,
          nicolae_swamp_wisp_ring_woods, uniq_mlioglotl
Swamp:4:  swamp_old_school, layout_basic_swamp, nicolae_swamp_small_spring
Spider:1: layout_spider_delve, uniq_rupert
Spider:2: layout_spider_delve, uniq_louise
Spider:3: layout_cave_pods
Spider:4: guppyfry_spider_rune, nicolae_spider_orb_run
Orc:1:    layout_diamond_mine
Orc:2:    kennysheep_orc_mage_school, layout_diamond_mine, basic_altar,
          mines5_lemuel
Elf:1:    minmay_elf_arrival_circle, layout_loops_ring,
          minmay_elf_crystal_hexagon, uniq_kirke
Elf:2:    elven_hall_of_blades_hangedman_original [nicolae_blade_bullseye],
          layout_geoelf_octagon, elves_outpost_lemuel, uniq_azrael, uniq_zenata
Elf:3:    grunt_elf_hall_spiral, layout_geoelf_diagonals, basic_altar,
          serial_shops, nicolae_shop_overgrown_old_shop, minivault_16
Vaults:1: v_pattern_4, hangedman_vaults_cutoff, nicolae_vaults_gold_heap,
          vaults_room_hallway, ontoclasm_vaults_tryst, ontoclasm_vaults_chip,
          st_lattice, dpeg_vaults_monster_box, layout_vaults_chaotic_city

Skill      XL: |  1  2  3  4  5  6  7  8  9 10 11 12 13 14 15 16 17 18 19 |
---------------+----------------------------------------------------------+-----
Axes           | 4 5 6 7 9 10 12 13 14 15 17 18 19 20 21 | 21.3
Fighting       | 4 5 7 8 10 11 12 13 14 15 16 | 16.9
Invocations    | 2 5 7 8 10 11 12 | 12.4
Armour         | 2 4 5 7 8 9 10 | 10.0
Dodging        | 5 6 7 8 9 10 | 10.0
Throwing       | 7 8 |  8.1
Evocations     | 2 3 |  3.0
Shields        | 3 6 |  6.0

Action                   |  1- 3 |  4- 6 |  7- 9 | 10-12 | 13-15 | 16-18 | 19-21 || total
-------------------------+-------+-------+-------+-------+-------+-------+-------++-------
Melee: War axe           |    58 |    54 |       |       |       |       |       ||   112
       Battleaxe         |       |    37 |   237 |   418 |   336 |       |       ||  1028
       Punch             |       |     1 |       |       |       |       |       ||     1
       Executioner's axe |       |       |       |       |   411 |   782 |   212 ||  1405
       Dire flail        |       |       |       |       |    58 |       |       ||    58
       Great mace        |       |       |       |       |       |    80 |       ||    80
Throw: Throwing net      |     4 |     1 |     2 |       |     2 |       |       ||     9
       Dart              |     5 |     6 |       |    18 |       |     1 |       ||    30
       Boomerang         |       |     1 |     3 |     6 |    53 |    33 |       ||    96
       Javelin           |       |       |     1 |     1 |     2 |    11 |    18 ||    33
Invok: Heroism           |     1 |     2 |    10 |    16 |    20 |    30 |    10 ||    89
       Finesse           |       |       |       |     3 |     7 |     6 |     3 ||    19
       Duel              |       |       |       |       |     1 |       |       ||     1
Evoke: Wand              |       |       |       |       |     4 |     3 |       ||     7
  Use: Scroll            |     5 |     1 |     5 |     5 |     7 |     9 |     3 ||    35
       Potion            |       |       |     6 |     1 |     6 |     4 |     2 ||    19
 Stab: Held in net/web   |       |     2 |       |       |       |       |       ||     2
       Paralysed         |       |       |       |       |       |     1 |       ||     1
       Confused          |       |       |       |       |       |     2 |       ||     2
Armor: Leather armour    |     3 |       |       |       |       |       |       ||     3
       Ring mail         |    22 |    51 |    43 |       |    91 |    64 |       ||   271
       Chain mail        |       |       |   102 |   154 |   355 |   246 |       ||   857
       Scale mail        |       |       |       |    31 |       |       |       ||    31
       Plate armour      |       |       |       |       |     5 |   122 |   109 ||   236
Dodge: Dodged            |    46 |    76 |   137 |   196 |   691 |   900 |   129 ||  2175

Table legend: (Time is in decaauts)
 A = Elapsed time spent in this place.
 B = Non-inter-level travel time spent in this place.
 C = Inter-level travel time spent in this place.
 D = Time resting spent in this place.
 E = Time spent auto-exploring this place.
 F = Levels seen in this place.
 G = Mean time per level.
                   A        B        C        D        E       F      G
               +--------+--------+--------+--------+--------+-----+--------+
         Total |  18806 |  16112 |   2694 |     75 |      0 |  39 |  482.2 |
       Dungeon |   8554 |   6567 |   1987 |     19 |      0 |  14 |  611.0 |
        Temple |    344 |    323 |     21 |      0 |      0 |   1 |  344.0 |
          Lair |   2636 |   2227 |    409 |      0 |      0 |   6 |  439.3 |
         Swamp |   1785 |   1686 |     99 |      0 |      0 |   4 |  446.2 |
   Spider Nest |   1422 |   1422 |      0 |     33 |      0 |   4 |  355.5 |
  Orcish Mines |   1386 |   1271 |    115 |      2 |      0 |   2 |  693.0 |
   Elven Halls |   1286 |   1278 |      8 |     18 |      0 |   3 |  428.7 |
        Vaults |    614 |    563 |     51 |      2 |      0 |   1 |  614.0 |
         Abyss |    197 |    197 |      0 |      0 |      0 |   1 |  197.0 |
       Volcano |    273 |    273 |      0 |      0 |      0 |   1 |  273.0 |
      Gauntlet |    277 |    277 |      0 |      0 |      0 |   1 |  277.0 |
         Arena |     29 |     29 |      0 |      0 |      0 |   1 |   29.0 |
               +--------+--------+--------+--------+--------+-----+--------+

Top non-repeatable levels by time:
    D:11: 1343 daAuts
     D:6: 1077 daAuts
     D:5: 985 daAuts
   Orc:2: 907 daAuts
     D:9: 820 daAuts
   Elf:3: 790 daAuts
 Swamp:4: 759 daAuts
  Lair:2: 693 daAuts
    D:10: 693 daAuts
     D:7: 623 daAuts
    D:14: 620 daAuts
Vaults:1: 614 daAuts
  Lair:5: 599 daAuts
Spider:1: 587 daAuts
Spider:4: 583 daAuts
